 Dungeon Crawl Stone Soup version 0.25.1-9-gc5326a611f (webtiles) character file.

Game seed: 10887104675630936693

298 Clowwww the Chopper (level 6, 0/47 HPs)
             Began as a Demonspawn Fighter on Jan 3, 2021.
             Slain by a hound (4 damage)
             ... on level 4 of the Dungeon.
             The game lasted 00:07:15 (3433 turns).

Clowwww the Chopper (Demonspawn Fighter)            Turns: 3433, Time: 00:07:16

Health: 0/47       AC:  9    Str: 18    XL:     6   Next: 13%
Magic:  6/6        EV:  7    Int:  9    God:
Gold:   247        SH:  9    Dex: 13    Spells: 5/5 levels left

rFire    . . .     SeeInvis .   a - +0 war axe
rCold    . . .     Gourm    .   c - +0 kite shield
rNeg     . . .     Faith    .   b - +0 scale mail
rPois    .         Spirit   .   (no helmet)
rElec    .         Reflect  .   (no cloak)
rCorr    .         Harm     .   (no gloves)
MR       .....                  s - +1 pair of boots {Stlth+}
Stlth    +.........             (no amulet)
HPRegen  0.15/turn              (no ring)
MPRegen  0.10/turn              (no ring)

@: mighty
A: talons 1, demonic guardian 1, powered by pain 2
a: no special abilities


You were on level 4 of the Dungeon.
You were not hungry.

You visited 1 branch of the dungeon, and saw 4 of its levels.

You collected 247 gold pieces.

Inventory:

Hand Weapons
 a - a +0 war axe (weapon)
Missiles
 l - 5 javelins (quivered)
Armour
 b - a +0 scale mail (worn)
 c - a +0 kite shield (worn)
 s - a +1 pair of boots of stealth (worn)
Wands
 o - a wand of digging (5)
Scrolls
 e - a scroll of blinking {unknown}
 h - 2 scrolls of teleportation {unknown}
 j - a scroll of random uselessness {unknown}
 k - a scroll of noise {unknown}
 m - 3 scrolls of identify {unknown}
 n - 3 scrolls of remove curse {unknown}
 q - a scroll of magic mapping {unknown}
 u - a scroll of enchant armour {unknown}
Potions
 d - a potion of might
 g - a potion of curing {unknown}
 i - a potion of berserk rage {unknown}
 p - a potion of invisibility {unknown}
 t - a potion of resistance {unknown}
Comestibles
 f - 6 rations
 r - a chunk of flesh


   Skills:
 + Level 3.6 Fighting
 * Level 4.5 Axes
 + Level 0.1 Throwing
 + Level 3.6 Armour
 + Level 0.7 Dodging
 + Level 3.2 Shields


You had 5 spell levels left.
You didn't know any spells.
Your spell library was empty.

Dungeon Overview and Level Annotations

Branches:
Dungeon (4/15)
 Temple: D:4-7

Altars:
Fedhas
Nemelex Xobeh
Okawaru


Innate Abilities, Weirdness & Mutations

You have sharp toenails.
A weak demonic guardian rushes to your aid.
You sometimes gain power by taking damage.


Message History

The javelin pierces through the hound!
The hound is severely wounded.
Throwing (i - inventory)
l - 6 javelins (quivered)
Press: ? - help, Shift-Dir - straight line, f/p - hound
Aim: a hound (severely wounded)
You throw a javelin. The javelin barely misses the hound.
You block the hound's attack. x2
You hit the hound.
The hound is severely wounded.
The hound bites you.
* * * LOW HITPOINT WARNING * * *
The hound bites you.
* * * LOW HITPOINT WARNING * * *
You closely miss the hound.
The hound is severely wounded.
You block the hound's attack. The hound bites you but does no damage.
You closely miss the hound.
The hound is severely wounded.
The hound bites you but does no damage. The hound bites you.
You die...

########
#......#
#.####.# #.#
#.# ####.# #.#
#....# #.#
#.#### #.# #.#
#.# #.# #@# #.#
#h# # #)# #.#
... #.#
#†##...# #.#
#(...# #.#
##.#.<.#
#######.######
.# .##
#.............#
(# #
#.#####.#####.#
.#


You could see a hound.

Vanquished Creatures
  A phantom (D:4)
  A howler monkey (D:4)
  A worker ant (D:4)
  4 adders
  2 oozes
  A worm (D:4)
  7 dart slugs
  3 leopard geckos (D:1)
  2 orcs
  2 ball pythons (D:1)
  4 giant cockroaches
  6 goblins
  6 hobgoblins
  11 jackals
  6 kobolds
  3 quokkas
  8 bats
  5 frilled lizards
  9 rats
82 creatures vanquished.

Vanquished Creatures (collateral kills)
  An adder (D:4)
  A jackal (D:4)
2 creatures vanquished.

Grand Total: 84 creatures vanquished

Notes
Turn   | Place    | Note
-------+----------+-------------------------------------------
     0 | D:1      | Clowwww the Demonspawn Fighter began the quest for the Orb.
     0 | D:1      | Reached XP level 1. HP: 18/18 MP: 1/1
   157 | D:1      | Reached skill level 2 in Axes
   163 | D:1      | Gained mutation: A weak demonic guardian rushes to your
                  | aid. [demonic ancestry]
   163 | D:1      | Reached XP level 2. HP: 19/24 MP: 2/2
  1015 | D:1      | Gained mutation: You sometimes gain a little power by
                  | taking damage. [demonic ancestry]
  1015 | D:1      | Reached XP level 3. HP: 29/29 MP: 3/3
  1478 | D:2      | Found a blossoming altar of Fedhas.
  1721 | D:3      | Reached XP level 4. HP: 35/35 MP: 4/4
  1775 | D:3      | Found a faded altar of an unknown god.
  1797 | D:3      | Reached skill level 3 in Axes
  2062 | D:3      | Found a sparkling altar of Nemelex Xobeh.
  2063 | D:3      | Found an iron altar of Okawaru.
  2749 | D:4      | Noticed a phantom
  2798 | D:4      | Killed a phantom
  2798 | D:4      | Reached skill level 4 in Axes
  2798 | D:4      | Gained mutation: You have sharp toenails. [demonic
                  | ancestry]
  2798 | D:4      | Reached XP level 5. HP: 23/41 MP: 5/5
  3009 | D:4      | Gained mutation: You sometimes gain power by taking damage.
                  | [demonic ancestry]
  3009 | D:4      | Reached XP level 6. HP: 11/47 MP: 6/6
  3390 | D:4      | HP: 2/47 [poisoned by a worker ant]
  3433 | D:4      | Slain by a hound

Illustrated notes

Levels and vault maps discovered:
D:1:      dpeg_arrival_round_b, layout_basic, minivault_23, minmay_heptomino_w4
D:2:      layout_rooms, lemuel_coloured_pillars_altar
D:3:      layout_basic, nicolae_overflow_hidden_temple, first_ration,
          chequers_ecumenical_altar_simple
D:4:      layout_loops_ring, gammafunk_temple_overflow_forgotten,
          gammafunk_ghost_mausoleum, eino_tiny_chamber

Skill      XL: |  1  2  3  4 |
---------------+-------------+-----
Axes           | 2 4 |  4.5
Shields        | 3 |  3.2
Armour         | 3 |  3.6
Fighting       | |  3.6
Throwing       | |  0.1
Dodging        | |  0.7

Action                   |  1- 3 |  4- 6 || total
-------------------------+-------+-------++-------
Melee: War axe           |   175 |   152 ||   327
Throw: Javelin           |       |     7 ||     7
  Use: Potion            |       |     1 ||     1
  Eat: Chunk             |     3 |     6 ||     9
Armor: Scale mail        |   108 |    80 ||   188
Dodge: Dodged            |    65 |    58 ||   123
Block: Kite shield       |   101 |    85 ||   186
